Cogmind - Beta 13 @@@ ROGUE MODE // 2024.04.10 @ 04:38:59 Player: Carpathian Result: Self-destructed Performance ------------- Evolutions (3) 1500 Regions Visited (6) 1200 Robots Destroyed (38) 190 Value Destroyed (849) 849 Prototype IDs (1) 20 Alien Tech Used (0) 0 Bonus (63) 63 TOTAL SCORE: 3822 Bonus ------- Follower Combat Kills 63 Cogmind --------- Core Integrity 700/700 Matter 291/300 Energy 244/310 System Corruption 0% Temperature Cool (0) Movement Rolling (105) Ox1 Location -7/Factory Parts ------- > --- POWER (2) -------- Heavy Deuterium Engine > --- PROPULSION (3) --- Armored Wheel Armored Wheel > --- UTILITY (6) ------ Medium Storage Unit Signal Interpreter Improved Targeting Computer > --- WEAPON (2) ------- EMP Blaster Proton Missile Launcher > --- INVENTORY (10) --- Advanced Treads System Shield Heavy Ion Cannon Heavy Assault Rifle Assault Cannon Mining Laser Powered Hammer Peak State ------------ > --- POWER ------------ Heavy Deuterium Engine > --- PROPULSION ------- Armored Wheel Armored Wheel > --- UTILITY ---------- Medium Storage Unit Signal Interpreter Improved Targeting Computer Advanced ECM Suite > --- WEAPON ----------- Heavy Ion Cannon Assault Cannon > --- INVENTORY -------- Advanced Treads Medium Storage Unit System Shield Heavy Assault Rifle EMP Blaster Proton Missile Launcher Mining Laser Powered Hammer [Rating: 26] Favorites ----------- Power Ion Engine Engine Ion Engine Propulsion Aluminum Leg Leg Aluminum Leg Wheel Armored Wheel Utility Medium Storage Unit Device ECM Suite Storage Medium Storage Unit Processor Signal Interpreter Weapon Small Laser Energy Gun Small Laser Energy Cannon Heavy Ion Cannon Ballistic Gun Heavy Assault Rifle Ballistic Cannon Improved Light Cannon Launcher Proton Missile Launcher Impact Weapon Powered Hammer Build | -11 -10 -10 -9 -9 -8 -7 ------- Run | Yrd Mat Min Mat Min Mat Fac Slots Evolved 6 | . . . 2 . 2 2 Power 1 | . . . . . 1 . Propulsion 1 | . . . . . . 1 Utility 4 | . . . 2 . 1 1 Weapon . | . . . . . . . Parts Attached 34 | 6 2 3 4 4 15 . Power 5 | 1 . 1 1 1 1 . Engine 5 | 1 . 1 1 1 1 . Core . | . . . . . . . Reactor . | . . . . . . . Propulsion 5 | 2 . . . 1 2 . Treads . | . . . . . . . Leg 3 | 2 . . . 1 . . Wheel 2 | . . . . . 2 . Hover . | . . . . . . . Flight . | . . . . . . . Utility 7 | 1 2 . 2 . 2 . Device 2 | . 1 . . . 1 . Storage 3 | 1 1 . . . 1 . Processor 2 | . . . 2 . . . Hackware . | . . . . . . . Protection . | . . . . . . . Artifact . | . . . . . . . Weapon 17 | 2 . 2 1 2 10 . Energy Gun 4 | 2 . 1 . 1 . . Energy Cannon 1 | . . . . . 1 . Ballistic Gun 1 | . . . . 1 . . Ballistic Cannon 6 | . . . 1 . 5 . Launcher 4 | . . 1 . . 3 . Special Weapon . | . . . . . . . Impact Weapon 1 | . . . . . 1 . Slashing Weapon . | . . . . . . . Piercing Weapon . | . . . . . . . Special Melee Weapon . | . . . . . . . Unidentified Prototypes 1 | . . . . . 1 . Parts Lost 5 | . . . . 1 4 . Power 1 | . . . . . 1 . Propulsion 2 | . . . . . 2 . Utility 1 | . . . . . 1 . Weapon 1 | . . . . 1 . . Highest Loss Streak 2 | . . . . 1 2 . To Critical Strikes . | . . . . . . . Average Slot Usage (%) 89 | . 92 100 99 98 76 61 Engine 10 | . 14 14 11 11 8 7 Leg 17 | . 28 28 22 22 7 . Wheel 3 | . . . . . 7 15 Device 9 | . 7 14 11 11 8 . Storage 10 | . 14 14 11 11 9 7 Processor 16 | . . . 21 22 18 15 Energy Gun 8 | . 28 24 13 . . . Ballistic Gun 1 | . . . . 8 . . Ballistic Cannon 7 | . . . 8 11 10 . Impact Weapon 1 | . . . . . 2 . Naked Turns . | . . . . . . . Heaviest Build 37 | 12 19 22 22 26 37 32 Greatest Support 24 | 20 20 20 20 20 24 24 Greatest Overweight (x) 6 | . . 1 1 1 6 1 Average Overweight (x) . | . . . . 1 1 1 Largest Inventory Capacity 10 | 8 10 10 10 10 10 10 Average Capacity 9 | 6 9 10 10 10 10 10 Most Carried 10 | 4 8 7 10 10 10 7 Average Carried 7 | 1 5 6 7 7 8 7 Final Capacity 10 | 8 10 10 10 10 10 10 Final Carried 9 | 3 6 7 9 7 7 7 Class Distribution -------------------- 100% | Mutant Dominant Class ---------------- Mutant | -10/Materials Mutant | -10/Mines Mutant | -9/Materials Mutant | -9/Mines Mutant | -8/Materials Mutant | -7/Factory Resources | -11 -10 -10 -9 -9 -8 -7 ----------- Run | Yrd Mat Min Mat Min Mat Fac Matter Collected 891 | 225 55 13 101 100 397 . Remotely . | . . . . . . . Salvage Created 1022 | . 98 92 213 105 514 . Parts 72 | . 9 13 13 4 33 . Haulers Intercepted . | . . . . . . . Recyclers Shooed . | . . . . . . . Parts Field Recycled . | . . . . . . . Retrieved Matter . | . . . . . . . Parts Self-Destructed . | . . . . . . . Prevented . | . . . . . . . Kills | -11 -10 -10 -9 -9 -8 -7 ------- Run | Yrd Mat Min Mat Min Mat Fac Combat Hostiles Destroyed 25 | . 3 6 4 3 9 . Melee 1 | . . . . . 1 . Guns 9 | . 3 4 . 2 . . Cannons 9 | . . . 4 1 4 . AOE 6 | . . 2 . . 4 . Classes Destroyed 10 | . 1 2 2 . 5 . Worker 5 | . . 2 . . 3 . Builder 4 | . . . . . 4 . Tunneler 1 | . . . . . 1 . Recycler 1 | . . . 1 . . . Mechanic 1 | . . . . . 1 . Watcher 1 | . . . . . 1 . Swarmer 8 | . . 6 . . 2 . Grunt 11 | . 3 . 3 3 2 . Sentry 5 | . . . 1 . 4 . Hunter 1 | . . . . . 1 . Best Kill Streak 6 | . 2 5 2 3 6 . Combat Bots Only 3 | . 2 3 2 3 2 . Max Kills in Single Turn 3 | . 1 3 1 1 3 . Gunslinging 1 | . . 1 . . . . Exploded 1 | . . 1 . . 1 . Melee 1 | . . . . . 1 . Uniques/NPCs Destroyed . | . . . . . . . Combat | -11 -10 -10 -9 -9 -8 -7 -------- Run | Yrd Mat Min Mat Min Mat Fac Hostile Shots Fired 144 | . 9 17 11 28 79 . Missed 39 | . 4 9 2 5 19 . Damage Taken 1312 | . 51 113 113 294 721 20 Core 233 | . 10 18 27 57 121 . Absorbed by Shields . | . . . . . . . Core Remaining (%) 86 | 100 . 88 . 79 78 . Volleys Fired 92 | . 8 7 12 10 54 1 Largest 2 | . 2 2 1 2 2 2 Hottest 109 | . 80 80 39 84 109 72 Shots Fired 118 | . 16 9 12 17 62 2 Gun 30 | . 16 7 . 7 . . Cannon 73 | . . . 12 10 51 . Launcher 15 | . . 2 . . 11 2 Special . | . . . . . . . Kinetic 68 | . . . 12 10 46 . Thermal 28 | . 16 7 . . 5 . Explosive 2 | . . 2 . . . . Electromagnetic 20 | . . . . 7 11 2 Robot Hit Streak 13 | . 12 13 5 8 9 . Robot Miss Streak 2 | . 2 1 2 1 2 2 Penetration Max . | . . . . . . . Secondary Targets 2 | . . 2 . . . . Max Gunslinging Chain 1 | . . 1 . . . . Shots Hit Robots 86 | . 12 6 9 14 45 . Core Hits 46 | . 6 9 5 6 19 1 Critical Kills . | . . . . . . . Critical Parts Destroyed . | . . . . . . . Critical Strikes 5 | . . . . 2 3 . Blast 5 | . . . . 2 3 . Melee Attacks 7 | . . . . . 7 . Impact 7 | . . . . . 7 . Slashing . | . . . . . . . Piercing . | . . . . . . . Sneak Attacks 2 | . . . . . 2 . Combat Hostiles . | . . . . . . . Follow-up Attacks . | . . . . . . . Damage Inflicted 2326 | . 130 275 183 228 1494 16 Guns 268 | . 130 54 . 84 . . Cannons 1150 | . . . 183 144 823 . Explosions 611 | . . 221 . . 374 16 Melee 297 | . . . . . 297 . Ramming . | . . . . . . . Kinetic 1042 | . . . 183 144 715 . Thermal 292 | . 130 54 . . 108 . Explosive 221 | . . 221 . . . . Electromagnetic 474 | . . . . 84 374 16 Impact 297 | . . . . . 297 . Slashing . | . . . . . . . Piercing . | . . . . . . . Highest Corruption . | . . . . . . . Average Corruption . | . . . . . . . Corruption Purged . | . . . . . . . Corruption Blocked . | . . . . . . . Overload Shots . | . . . . . . . Overflow Damage 186 | . . . . . 186 . Projectiles 6 | . . . . . 6 . Explosions . | . . . . . . . Melee 180 | . . . . . 180 . Knockbacks 6 | . . . . 2 4 . Impact . | . . . . . . . Kinetic 5 | . . . . 1 4 . Secondary 1 | . . . . 1 . . Self-Inflicted Damage 72 | . . 47 . . 5 20 Shots 3 | . . 1 . . 1 1 Rammed . | . . . . . . . Targets Rammed . | . . . . . . . Kicked . | . . . . . . . Crushed . | . . . . . . . Highest Temperature 234 | . 138 36 5 234 201 . Average Temperature 84 | . 61 20 2 133 85 . Received Heat Transfer 393 | . 30 . 54 165 144 . Siege Activations . | . . . . . . . Robots Corrupted . | . . . . . . . Combat Hostiles . | . . . . . . . Parts Fried 7 | . . . . . 7 . Impact Corruptions 5 | . . . . . 5 . Robots Melted . | . . . . . . . Combat Hostiles . | . . . . . . . Parts Melted 2 | . 1 . . 1 . . Heat Transferred 573 | . 300 125 . . 148 . Parts Sabotaged . | . . . . . . . Parts Stolen . | . . . . . . . Parts Stripped . | . . . . . . . Power Chain Reactions . | . . . . . . . Alert | -11 -10 -10 -9 -9 -8 -7 ------- Run | Yrd Mat Min Mat Min Mat Fac Peak Influence 301 | . 70 192 216 73 301 92 Initial 77 | . . 27 74 13 27 77 Average 95 | . 9 107 109 70 133 81 Maximum Alert Level 1 | . . . 1 . 1 . Low Security (%) 89 | 100 100 100 89 100 79 100 Level 1 10 | . . . 10 . 20 . Level 2 . | . . . . . . . Level 3 . | . . . . . . . Level 4 . | . . . . . . . Level 5 . | . . . . . . . High Security . | . . . . . . . Max Security . | . . . . . . . Squads Dispatched 1 | . 1 . . . . . Investigation . | . . . . . . . Extermination . | . . . . . . . Reinforcement 1 | . 1 . . . . . Assault . | . . . . . . . Garrison . | . . . . . . . Intercept . | . . . . . . . Searches Triggered . | . . . . . . . Construction Impeded . | . . . . . . . Haulers Reinforced . | . . . . . . . Active Scanning Responses . | . . . . . . . Cargo Convoy Interrupts . | . . . . . . . Stealth | -11 -10 -10 -9 -9 -8 -7 --------- Run | Yrd Mat Min Mat Min Mat Fac Distress Signals 4 | . . . 2 . 2 . Communications Jammed . | . . . . . . . Distress Signals . | . . . . . . . Times Spotted 53 | . 4 9 10 3 26 1 Peak Tracking Total 5 | . 2 3 4 3 5 1 Tactical Retreats 9 | . 1 1 . . 7 . Traps | -11 -10 -10 -9 -9 -8 -7 ------- Run | Yrd Mat Min Mat Min Mat Fac Traps Triggered . | . . . . . . . Indirectly . | . . . . . . . Trap Hack Attempts . | . . . . . . . Triggered . | . . . . . . . Disarmed . | . . . . . . . Reprogrammed . | . . . . . . . Reused . | . . . . . . . Traps Extracted . | . . . . . . . Installed . | . . . . . . . Triggered . | . . . . . . . Machines | -11 -10 -10 -9 -9 -8 -7 ---------- Run | Yrd Mat Min Mat Min Mat Fac Machines Disabled . | . . . . . . . Max in Single Turn . | . . . . . . . Machines Repaired . | . . . . . . . Machines Dismantled . | . . . . . . . Machines Sabotaged . | . . . . . . . Overloaded Fab Kills . | . . . . . . . Hacking | -11 -10 -10 -9 -9 -8 -7 --------- Run | Yrd Mat Min Mat Min Mat Fac Machines Accessed 3 | . 1 . 1 . 1 . Terminals 2 | . . . 1 . 1 . Fabricators . | . . . . . . . Repair Stations . | . . . . . . . Recycling Units 1 | . 1 . . . . . Scanalyzers . | . . . . . . . Garrison Access . | . . . . . . . Total Hacks 6 | . 1 . 2 . 3 . Successful 3 | . 1 . 1 . 1 . Failed 3 | . . . 1 . 2 . Catastrophic . | . . . . . . . Database Lockouts . | . . . . . . . Manual . | . . . . . . . Terminals 5 | . . . 2 . 3 . Fabricators . | . . . . . . . Repair Stations . | . . . . . . . Recycling Units 1 | . 1 . . . . . Scanalyzers . | . . . . . . . Garrison Access . | . . . . . . . Terminal Hacks 2 | . . . 1 . 1 . Robot Analysis 1 | . . . . . 1 . Locate Traps 1 | . . . 1 . . . Fabricator Hacks . | . . . . . . . Repair Station Hacks . | . . . . . . . Recycling Unit Hacks 1 | . 1 . . . . . Process 1 | . 1 . . . . . Scanalyzer . | . . . . . . . Garrison Access Hacks . | . . . . . . . Unauthorized Hacks . | . . . . . . . Terminals . | . . . . . . . Fabricators . | . . . . . . . Repair Stations . | . . . . . . . Recycling Units . | . . . . . . . Scanalyzers . | . . . . . . . Garrison Access . | . . . . . . . Data Cores Recovered . | . . . . . . . Used . | . . . . . . . Hacking Detections 3 | . 1 . 1 . 1 . Full Trace Events . | . . . . . . . Feedback Events . | . . . . . . . Feedback Blocked . | . . . . . . . Robot Schematics Acquired . | . . . . . . . Robots Built . | . . . . . . . Authchips . | . . . . . . . Time . | . . . . . . . Total Robot Build Rating . | . . . . . . . Part Schematics Acquired . | . . . . . . . Parts Built . | . . . . . . . Authchips . | . . . . . . . Time . | . . . . . . . Total Part Build Rating . | . . . . . . . Parts Repaired . | . . . . . . . Time . | . . . . . . . Parts Recycled . | . . . . . . . Recycled Matter . | . . . . . . . Retrieved Matter . | . . . . . . . Retrieved Components . | . . . . . . . Parts Scanalyzed . | . . . . . . . Part Schematics Acquired . | . . . . . . . Parts Damaged . | . . . . . . . Bothacking | -11 -10 -10 -9 -9 -8 -7 ------------ Run | Yrd Mat Min Mat Min Mat Fac Used RIF Installer . | . . . . . . . Robots Hacked . | . . . . . . . Non-combat . | . . . . . . . Combat . | . . . . . . . Robot Hacks Applied . | . . . . . . . Relay Couplers Released . | . . . . . . . Fabnet Peak Effective % . | . . . . . . . Robots Rewired . | . . . . . . . Allies Hacked . | . . . . . . . Hacks Repelled . | . . . . . . . Allies | -11 -10 -10 -9 -9 -8 -7 -------- Run | Yrd Mat Min Mat Min Mat Fac Total Allies 3 | . . . . 3 . . Largest Group 3 | . . . . 3 3 . Highest-Rated Group 40 | . . . . 40 40 . Highest-Rated Ally 16 | . . . . 16 16 . Total Orders . | . . . . . . . Ally Attacks 26 | . . . . . 26 . Total Damage 236 | . . . . . 236 . Kills 5 | . . . . . 5 . Allies Corrupted . | . . . . . . . Allies Melted . | . . . . . . . Intel | -11 -10 -10 -9 -9 -8 -7 ------- Run | Yrd Mat Min Mat Min Mat Fac Robot Analysis Total 1 | . . . . . 1 . Derelict Logs Recovered 2 | . . . . 2 . . Drone Launches . | . . . . . . . Drone Recoveries . | . . . . . . . Exploration | -11 -10 -10 -9 -9 -8 -7 ------------- Run | Yrd Mat Min Mat Min Mat Fac Turns Passed 2187 | 77 278 120 503 364 827 18 Spaces Moved 1128 | 62 171 70 258 171 382 14 Core 31 | 16 . . . . 15 . Treads . | . . . . . . . Legs 866 | 46 171 70 258 171 150 . Wheels 231 | . . . . . 217 14 Hover . | . . . . . . . Flight . | . . . . . . . Fastest Speed 50 | 50 120 120 120 190 105 105 Average Speed 152 | 101 120 131 167 190 153 105 Slowest Speed 350 | 120 120 190 190 190 350 105 Overloaded Moves . | . . . . . . . Propulsion Burnouts . | . . . . . . . Robots Hopped . | . . . . . . . Cave-ins Triggered . | . . . . . . . Exploration Rate (%) 23 | 4 33 28 25 38 38 1 Regions Visited 6 Branch Regions 2 Pre-discovered Areas 1 | . . . . 1 . . Known Exits Taken 3 | . . . 1 1 1 . Unknown Exits Taken 3 | 1 1 1 . . . . Scrap Searched 2 | . . 1 . 1 . . Spaces Dug . | . . . . . . . Terrain Destroyed 22 | . . 15 2 . 5 . Melee . | . . . . . . . Projectile 7 | . . . 2 . 5 . AOE 15 | . . 15 . . . . Terrain Rammed . | . . . . . . . Walls Destroyed . | . . . . . . . Machines Disabled . | . . . . . . . Actions | -11 -10 -10 -9 -9 -8 -7 --------- Run | Yrd Mat Min Mat Min Mat Fac Total 1466 | 76 229 88 318 193 547 15 Wait 157 | . 39 6 35 6 71 . Move 1122 | 61 170 69 257 170 381 14 Hop . | . . . . . . . Pick Up 37 | 9 7 2 7 1 11 . Fast Attach . | . . . . . . . Attach 17 | 6 1 . 2 1 7 . Detach . | . . . . . . . Swap 17 | . 1 3 2 3 8 . Drop 17 | . 3 1 3 2 8 . Fire 92 | . 8 7 12 10 54 1 Melee 7 | . . . . . 7 . Ram . | . . . . . . . Kick . | . . . . . . . Crush . | . . . . . . . Escape Stasis . | . . . . . . . Rewire . | . . . . . . . Trap . | . . . . . . . Miscellaneous . | . . . . . . . Route ------- -11/Scrapyard -10/Materials -10/Mines (discovered 2 exits: *Mat x2) -9/Materials -9/Mines -8/Materials (discovered 2 exits: *Fac x2) -7/Factory History --------- Turn | Location | Event 2 | -11/Scrapyard | Discovered new exit (range 16) 78 | -11/Scrapyard | Entered Materials 310 | -10/Materials | Build established: Mutant 337 | -10/Materials | Discovered new exit (range 11) 356 | -10/Materials | Entered Mines 441 | -10/Mines | Discovered new exit (range 13) 455 | -10/Mines | Discovered new exit (range 5) 476 | -10/Mines | Entered Materials 476 | -9/Materials | Evolved 2 slots: Utility x2 929 | -9/Materials | Discovered new exit (range 13) 955 | -9/Materials | Identified exit to Mines 979 | -9/Materials | Entered Mines 1058 | -9/Mines | Learned location of Storage (-7) 1269 | -9/Mines | Discovered new exit (range 14) 1292 | -9/Mines | Identified exit to Materials 1314 | -9/Mines | Assisted by bots powering up and referring to "LRC-V3" 1343 | -9/Mines | Entered Materials 1343 | -8/Materials | Accompanied by 3 allies 1343 | -8/Materials | Evolved 2 slots: Power x1, Utility x1 1344 | -8/Materials | Identified exit to Factory 2153 | -8/Materials | Discovered exit to Factory (range 16) 2170 | -8/Materials | Entered Factory 2170 | -7/Factory | Evolved 2 slots: Propulsion x1, Utility x1 2188 | -7/Factory | Self-destructed Last Messages --------------- 02095_ R-06 Scavenger collects Corrupted Wheel. 02099_ R-06 Scavenger collects Corrupted Lgt. Ion Engine. 02107_ Y-45 Defender destroyed. 02108_ U-05 Engineer builds a Wall. 02112_ U-05 Engineer lays Concrete. 02119_ Acquired 5 matter. 02125_ U-05 Engineer repairs door. 02137_ Door malfunctions. 02140_ Adv. ECM Suite destroyed. 02150_ Heat Sink fried. 02150_ Imp. Ion Engine fried. 02150_ Y-45 Defender destroyed. 02153_ EXIT=FOUND: FACTORY 02158_ Acquired 39 matter. PARAMETERS=PROPULSION+1,UTILITY+1 LOCATION=FACTORY GOAL=ESCAPE 02183_ O-24 Administrator: "IFF HANDSHAKE FAILED. SECURING TERMINAL." 02184_ ALERT: All DSF locations entering lockdown mode. 02185_ Door malfunctions. Map ----- +----------------------------------------------------+ | ?????????????????????????????????????????????????? | | ?????????????????????????????????????????????????? | | ?????????????????????????????????????????????????? | | ?????????????????????????????????????????????????? | | ?????????????????????????????????????????????????? | | ?????????????????????????????????????????????????? | | ?????????????????????????????????????????????????? | | ?????????????????????????????????????????????????? | | ?????????????????????????????????????????????????? | | ?????????????????????????????????????????????????? | | ????????????????????????? ?????????????????????? | | ????????????????????????? ???????????????????? | | ????????????????????????? ??????????????????? | | ????????????????????????? u ??????????????????? | | ????????????????????????? #??????????????????? | | ????????????????????????? #??????????????????? | | ????????????????????????? #??????????????????? | | ????????????????????????# #??????????????????? | | ????????????????????????# #??????????????????? | | ????????????????????????/ #??????????????????? | | ????????????????????????# #??????????????????? | | ????????????????????????# #??????????????????? | | ???????????????########## #??????????????????? | | ???????????????# #??????????????????? | | ???????????????# #??????????????????? | | ???????????????# @ +??????????????????? | | ???????????????# #??????????????????? | | ???????????????# #??????????????????? | | ??????????????#####+##### #??????????????????? | | ??????????????# # #??????????????????? | | ??????????????# # #??????????????????? | | ??????????????# # #??????????????????? | | ??????????????# # #??????????????????? | | ??????????????# # #??????????????????? | | ??????????????# # #??????????????????? | | ??????????????# # #??????????????????? | | ??????????????# # #??????????????????? | | ??????????????########### ??????????????????? | | ????????????????????????? ?????????????????? | | ????????????????????????? ?????????????????? | | ????????????????????????? ?????????????????? | | ????????????????????????? ???????????????????? | | ?????????????????????????###?????????????????????? | | ?????????????????????????????????????????????????? | | ?????????????????????????????????????????????????? | | ?????????????????????????????????????????????????? | | ?????????????????????????????????????????????????? | | ?????????????????????????????????????????????????? | | ?????????????????????????????????????????????????? | | ?????????????????????????????????????????????????? | +----------------------------------------------------+ Best States ------------- Heat Dissipation 34 Energy Generation 18 Energy Capacity 310 Matter Stores 300 Matter Capacity 300 Sight Range 16 Terrain Scan Density 10 ECM Strength 2 Evasion (%) 55 Targeting Accuracy 6 Item Schematics ----------------- None Robot Schematics ------------------ None Fabricated ------------ Nothing Alien Tech Used ----------------- None Achievements -------------- None Challenges ------------ None Game ------ Seed HoverMappingRedistributor Manual? 0 Play Time 00:13:54 Cumulative 18.0 hours Start 2024.04.10 @ 04:25:08 End 2024.04.10 @ 04:38:59 Sessions 1 Manual Loads 0 Difficulty Rogue Special Mode None Game No. 102 Rogue 102 Adventurer 0 Explorer 0 Win Type - Total 0 Types 0/0/0/0/0/0/0/0/0 Lore% 7 Gallery% 22 Achievement% 16 Wizard Run 0 Options --------- Layout 0 ASCII 0 Keyboard 0 Movement Arrows Keybinds 0 Fullscreen 2 Font 24/Cog Map View 76x50 Zoom Use 0% Tactical HUD 1 Map Filters NONE Filters NONE Steam 1 RUN: 1fb1f222-0127-4d29-8b8d-f25148f00a29